 Dungeon Crawl Stone Soup version 0.27.0-1-g7a089689b8 (webtiles) character file.

Game seed: 2755058670027519437

53 vytenis3d the Skirmisher (level 3, 0/49 HPs)
             Began as a Hill Orc Fighter on Aug 10, 2021.
             Slain by a hobgoblin (3 damage)
             ... led by Robin
             ... on level 2 of the Dungeon on Aug 15, 2021.
             The game lasted 00:15:19 (1654 turns).

vytenis3d the Skirmisher (Hill Orc Fighter)         Turns: 1654, Time: 00:15:37

Health: 0/49       AC: 21    Str: 19    XL:     3   Next: 87%
Magic:  3/3        EV:  2    Int:  8    God:
Gold:   63         SH:  9    Dex: 10    Spells: 2/2 levels left

rFire    . . .     SeeInvis .   a - +0 war axe
rCold    . . .     Faith    .   c - +0 kite shield
rNeg     + + +     Spirit   .   (armour currently unavailable)
rPois    +         Reflect  .   (helmet currently unavailable)
rElec    .         Harm     .   (cloak currently unavailable)
rCorr    .         Rampage  .   (gloves currently unavailable)
Will     .....     NoTele   +   (boots currently unavailable)
Stlth    +.........             (no amulet)
HPRegen  0.16/turn              (no ring)
MPRegen  0.08/turn              (no ring)

@: tree-form
A: stationary, stasis, torment immunity, boosted hp
a: no special abilities


You were on level 2 of the Dungeon.
You were a tree.
You visited 1 branch of the dungeon, and saw 2 of its levels.

You collected 63 gold pieces.

Inventory:

Hand Weapons
 a - a +0 war axe (weapon)
Missiles
 j - 40 arrows
Armour
 b - a +0 scale mail (melded)
 c - a +0 kite shield (worn)
 g - a +0 ring mail
 m - a +0 chain mail
Scrolls
 e - 2 scrolls of fog {unknown}
 f - 2 scrolls of identify {unknown}
 i - a scroll of torment {unknown}
 k - 2 scrolls of teleportation {unknown}
Potions
 d - a potion of might
 l - 2 potions of heal wounds {unknown}
 n - a potion of curing {unknown}


   Skills:
 * Level 4.1 Fighting
 * Level 3.9 Axes
 * Level 3.6 Armour
 + Level 0.1 Stealth
 * Level 3.7 Shields


You had 2 spell levels left.
You didn't know any spells.
Your spell library was empty.

Dungeon Overview and Level Annotations

Branches:
Dungeon (2/15)

Altars:

Annotations:
D:2 1 runed translucent door, Crazy Yiuf


Message History

You barely miss the goblin.
Your shield and scale mail prevent you from hitting the hobgoblin.
You closely miss the goblin. x2; You block the goblin's attack.
The goblin hits you but does no damage. The goblin hits you with a +0 club.
The hobgoblin barely misses you. The goblin hits you but does no damage.
You block the goblin's attack. x2
You hit the goblin.
You kill the goblin!
You barely miss the goblin. You slash the goblin!
You kill the goblin!
You closely miss the hobgoblin.
The hobgoblin no longer looks unusually strong.
The goblin no longer looks unusually strong.
The hobgoblin hits you but does no damage.
Robin throws the goblin at you! The goblin hits you with a +0 dagger.
* * * LOW HITPOINT WARNING * * *
The goblin barely misses you.
The hobgoblin hits you but does no damage.
The goblin hits you with a +0 club.
* * * LOW HITPOINT WARNING * * *
You closely miss the goblin. You closely miss the hobgoblin. You slash Robin!
You barely miss the goblin. You closely miss the goblin.
The goblin hits you but does no damage. The goblin closely misses you.
The hobgoblin hits you.
* * * LOW HITPOINT WARNING * * *
Robin roars a battlecry!
The goblins go into a battle-frenzy!
You block the goblin's attack. The goblin hits you but does no damage.
The goblin barely misses you.
It was a potion of lignification.
You turn into a tree.
Your +0 scale mail melds into your body.
Your roots penetrate the ground.
You block the hobgoblin's attack. You block Robin's attack.
The goblin hits you but does no damage. x3
You slash Robin!
You kill Robin!
You hit the hobgoblin but do no damage. You hit the goblin.
You barely miss the goblin. You closely miss the goblin.
The goblin no longer looks unusually strong. x2
The hobgoblin hits you.
You die...

#.# #.# #.#
#.# ###.#
####...###
#.###........#
.....[ggg..(.#
###.#♣)....# #
##g..#.#######
##...........
##.#.#######
#'#.# ....#
.....# .......
.........


You could see a hobgoblin (strong) and 3 goblins.

Vanquished Creatures
  Robin (D:2)
  A worm (D:2)
  A dart slug (D:1)
  2 endoplasms (D:1)
  14 goblins
  4 hobgoblins
  A quokka (D:1)
  6 ball pythons
  4 bats (D:1)
  3 frilled lizards
  2 kobolds (D:1)
  6 rats (D:1)
45 creatures vanquished.

Notes
Turn   | Place    | Note
-------+----------+-------------------------------------------
     0 | D:1      | vytenis3d the Hill Orc Fighter began the quest for the Orb.
     0 | D:1      | Reached XP level 1. HP: 19/19 MP: 1/1
   254 | D:1      | Reached XP level 2. HP: 23/27 MP: 2/2
   535 | D:1      | Reached skill level 4 in Fighting
   911 | D:1      | Reached XP level 3. HP: 33/33 MP: 3/3
  1559 | D:2      | Found a runed translucent door.
  1560 | D:2      | Noticed Crazy Yiuf
  1638 | D:2      | Noticed Robin
  1654 | D:2      | Killed Robin
  1654 | D:2      | Slain by a hobgoblin

Illustrated notes

Levels and vault maps discovered:
D:1:      erik_arrival_triangle_medium, layout_loops_ring, minmay_pentomino_r4
D:2:      layout_loops_corners, uniq_crazy_yiuf_cottage, uniq_robin

Skill      XL: |  1  2 |
---------------+-------+-----
Axes           | 3 |  3.9
Fighting       | 4 |  4.1
Armour         | |  3.6
Stealth        | |  0.1
Shields        | |  3.7

Action                   || total
-------------------------++-------
Melee: War axe           ||   105
  Use: Potion            ||     1
Armor: Scale mail        ||    51
       Skin              ||     3
Dodge: Dodged            ||    40
Block: Kite shield       ||    70
